Map: Jagannatha LE

Players

Serral - Winner!

  • Race: Zerg Zerg

Zoun

  • Race: Protoss Protoss

Event: TSL 7

VOD

Have the link to the VOD?

Description

Time

  • Played on: June 19, 2021, 3:19 p.m.
  • Length: 12:02

All games in this series

Show
View Real Time Build Order
Export as new Build Order

Serral Zerg - Winner!

Build Orders: Pool First 

Get SALT Encoding   

  12  0:00  Drone  
  13  0:12  Overlord  
  13  0:17  Drone  
  14  0:30  Drone x2  
  16  0:41  Spawning Pool  
  15  0:44  Drone  
  16  1:05  Drone  
  16  1:10  Hatchery  
  16  1:13  Drone  
  17  1:27  Extractor, Queen  
  17  1:29  Zergling x2  
  17  1:32  Drone  
  20  1:35  Drone  
  21  1:42  Overlord  
  21  1:51  Drone  
  22  2:03  Queen, Zergling x2  
  25  2:12  Drone  
  26  2:22  Drone, Queen  
  27  2:23  Drone  
  27  2:27  Metabolic Boost  
  30  2:35  Drone  
  30  2:36  Drone x2  
  33  2:40  Drone  
  33  2:43  Drone  
  35  2:45  Drone  
  35  2:49  Overlord  
  35  3:02  Hatchery  
  35  3:04  Drone  
  35  3:06  Drone  
  35  3:12  Overlord  
  36  3:14  Drone  
  36  3:16  Drone  
  39  3:20  Drone x2  
  39  3:21  Drone  
  39  3:24  Drone  
  42  3:29  Overlord  
  42  3:33  Queen  
  44  3:36  Queen  
  46  3:42  Drone, Spore Crawler  
  46  3:46  Drone  
  47  3:49  Roach Warren  
  47  3:53  Drone x2  
  48  3:58  Drone x2  
  46  4:03  Drone  
  46  4:04  Drone  
  46  4:08  Drone x2  
  50  4:16  Drone x3  
  54  4:17  Drone  
  53  4:25  Queen, Spore Crawler  
  53  4:30  Zergling x6  
  57  4:32  Zergling x2  
  57  4:36  Drone x2  
  57  4:37  Drone  
  61  4:40  Overlord  
  61  4:42  Zergling x2  
  61  4:43  Drone x2  
  64  4:48  Lair  
  64  4:49  Extractor, Drone  
  64  4:51  Drone  
  65  4:54  Drone  
  65  4:55  Overlord  
  66  5:00  Evolution Chamber  
  66  5:03  Extractor, Drone x4  
  66  5:04  Drone  
  66  5:05  Drone  
  70  5:08  Drone  
  69  5:16  Drone x6  
  73  5:22  Drone x2  
  73  5:25  Drone x2  
  73  5:26  Spore Crawler  
  76  5:30  Drone, Zerg Melee Weapons Level 1  
  76  5:32  Drone x2  
  76  5:34  Extractor  
  76  5:35  Drone  
  79  5:36  Drone  
  79  5:39  Drone  
  79  5:40  Drone  
  82  5:43  Overlord  
  82  5:44  Extractor x2  
  82  5:46  Overlord  
  82  5:48  Drone x2  
  82  5:50  Glial Reconstitution  
  82  5:56  Overseer  
  82  5:58  Overlord  
  82  5:59  Hatchery  
  82  6:03  Drone  
  82  6:10  Drone x2, Spire  
  83  6:15  Overlord  
  83  6:16  Baneling Nest  
  83  6:17  Roach x3  
  88  6:21  Drone  
  88  6:22  Roach x2  
  93  6:26  Overlord x2  
  93  6:27  Overseer  
  95  6:33  Roach x2  
  95  6:35  Overlord  
  95  6:37  Roach x2  
  101  6:45  Roach  
  101  6:46  Roach x2  
  107  6:49  Overlord  
  107  7:02  Drone x4  
  107  7:06  Centrifical Hooks  
  111  7:09  Drone, Infestation Pit  
  111  7:12  Drone x5  
  116  7:16  Queen  
  116  7:18  Ravager x3  
  116  7:20  Drone  
  116  7:21  Roach x2  
  116  7:22  Zergling x14  
  132  7:28  Ravager, Zerg Melee Weapons Level 2, Spore Crawler  
  133  7:30  Zergling x4  
  134  7:37  Zergling x8  
  137  7:45  Zergling x10  
  137  7:47  Hive  
  137  7:48  Overlord  
  142  7:53  Zergling x4  
  142  7:55  Overlord x2  
  141  8:00  Drone, Extractor  
  141  8:01  Drone x2  
  143  8:05  Drone  
  143  8:06  Evolution Chamber  
  143  8:11  Drone x3  
  143  8:12  Drone x4  
  150  8:13  Zergling x4  
  150  8:14  Zergling x2  
  150  8:16  Hatchery  
  150  8:17  Overlord  
  150  8:18  Zergling x14  
  150  8:19  Overseer  
  159  8:23  Baneling x5  
  159  8:24  Baneling x3  
  159  8:28  Overlord x2  
  159  8:29  Overlord  
  159  8:30  Zergling x8  
  163  8:38  Zergling x2  
  163  8:39  Zergling x4  
  166  8:44  Corruptor x2  
  170  8:49  Zerg Ground Armor Level 1  
  170  8:51  Overlord  
  170  8:56  Extractor  
  170  8:58  Drone x6  
  170  8:59  Drone, Zergling x2  
  170  9:00  Zergling x12  
  183  9:05  Zergling x2  
  183  9:06  Adrenal Glands  
  183  9:10  Greater Spire  
  183  9:11  Zergling x10  
  183  9:13  Baneling x8  
  183  9:14  Viper  
  183  9:15  Viper  
  194  9:27  Zergling x14  
  194  9:31  Baneling x26  
  195  9:36  Spore Crawler  
  195  9:37  Baneling  
  195  9:38  Baneling x10  
  194  9:58  Baneling x10  
  191  10:06  Baneling x7  
  190  10:20  Zergling x34  
  190  10:21  Zergling x26  
  183  10:24  Zergling x12  
  183  10:27  Baneling x12  
  178  10:36  Zergling x10  
  178  10:41  Zergling x2  
  169  10:46  Zergling x8  
  169  10:49  Baneling x6  
  156  10:51  Zergling x2, Overseer  
  156  10:54  Zergling x4  
  159  10:57  Zergling x2  
  159  10:58  Zergling x2  
  161  11:06  Pneumatized Carapace  
  161  11:07  Overseer  
  161  11:08  Baneling x7  
  160  11:14  Baneling x10  
  160  11:15  Baneling  
  160  11:16  Baneling x6  
  160  11:20  Hatchery  
  160  11:22  Zergling x22  
  170  11:29  Baneling  
  170  11:30  Baneling x10  
  170  11:39  Drone x2  
  171  11:44  Zergling x26  
Show
View Real Time Build Order
Export as new Build Order

Zoun Protoss 

Build Orders: 1 Gate Expand, Oracle Opening 

Get SALT Encoding   

  12  0:00  Probe  
  13  0:12  Probe  
  14  0:20  Pylon  
  14  0:24  Probe  
  15  0:38  Probe (Chrono Boost)  
  15  0:40  Gateway  
  16  0:47  Probe (Chrono Boost)  
  17  0:50  Assimilator  
  17  0:52  Probe  
  18  1:04  Probe  
  19  1:16  Probe  
  20  1:26  Nexus  
  20  1:36  Cybernetics Core  
  20  1:39  Probe  
  23  1:50  Assimilator  
  23  1:52  Probe  
  22  1:57  Pylon  
  22  2:03  Pylon  
  22  2:04  Probe  
  23  2:12  Adept (Chrono Boost)  
  25  2:18  Probe  
  26  2:27  Stargate  
  26  2:30  Probe  
  26  2:37  Warp Gate  
  26  2:41  Probe (Chrono Boost)  
  28  2:51  Probe (Chrono Boost)  
  28  2:53  Probe (Chrono Boost), Stalker  
  31  3:01  Probe (Chrono Boost)  
  31  3:04  Probe  
  32  3:09  Oracle (Chrono Boost)  
  36  3:16  Gateway  
  36  3:19  Probe  
  37  3:22  Probe  
  38  3:31  Probe  
  38  3:32  Adept  
  41  3:37  Probe  
  41  3:41  Oracle (Chrono Boost)  
  42  3:43  Probe  
  46  3:49  Probe, Pylon  
  46  3:55  Probe  
  48  4:01  Probe  
  49  4:14  Probe  
  50  4:18  Probe, Nexus  
  50  4:20  Oracle (Chrono Boost), Pylon  
  54  4:26  Probe  
  54  4:28  Adept  
  57  4:34  Probe, Assimilator  
  57  4:36  Assimilator  
  57  4:38  Probe  
  59  4:46  Probe, Forge  
  59  4:47  Twilight Council  
  59  4:50  Probe  
  59  4:51  Shield Battery  
  61  4:58  Probe  
  62  5:02  Probe, Pylon  
  62  5:05  Sentry  
  65  5:10  Probe  
  65  5:13  Protoss Ground Weapons Level 1  
  66  5:14  Probe  
  65  5:21  Blink (Chrono Boost)  
  65  5:22  Probe  
  65  5:26  Probe  
  65  5:32  Gateway  
  65  5:33  Gateway  
  65  5:34  Probe x2  
  67  5:38  Robotics Facility  
  67  5:39  Probe (Chrono Boost)  
  67  5:41  Sentry  
  70  5:46  Probe x2 (Chrono Boost)  
  70  5:47  Pylon  
  72  5:51  Probe (Chrono Boost)  
  72  5:57  Probe x2 (Chrono Boost)  
  75  6:02  Probe x2 (Chrono Boost)  
  75  6:04  Probe  
  74  6:06  Assimilator  
  74  6:07  Assimilator  
  74  6:08  Sentry x2  
  79  6:11  Pylon  
  79  6:13  Probe x2, Gateway  
  79  6:17  Pylon  
  79  6:18  Probe  
  82  6:23  Gateway  
  82  6:25  Probe x2, Gateway  
  83  6:26  Observer  
  83  6:28  Robotics Bay  
  83  6:30  Probe, Gateway  
  86  6:33  Gateway  
  86  6:36  Sentry  
  88  6:44  Pylon, Warp Prism (Chrono Boost)  
  88  6:45  Gateway  
  88  6:50  Pylon  
  90  6:58  Stalker x2  
  90  7:00  Stalker  
  96  7:02  Robotics Facility  
  96  7:04  Pylon  
  96  7:08  Sentry x2  
  98  7:11  Protoss Ground Weapons Level 2 (Chrono Boost)  
  98  7:12  Pylon  
  98  7:14  Photon Cannon  
  100  7:17  Pylon  
  100  7:19  Colossus (Chrono Boost)  
  106  7:31  Extended Thermal Lance  
  104  7:48  Stalker x6  
  114  8:00  Photon Cannon x2  
  114  8:02  Photon Cannon, Pylon  
  120  8:05  Colossus (Chrono Boost)  
  120  8:08  Shield Battery  
  120  8:11  Pylon  
  120  8:14  Colossus (Chrono Boost)  
  120  8:18  Probe  
  120  8:19  Pylon  
  127  8:23  Nexus  
  127  8:26  Pylon  
  127  8:49  Stalker x8  
  127  8:50  Stalker  
  127  8:54  Shield Battery  
  145  8:58  Stalker  
  147  9:03  Pylon x2  
  147  9:14  Photon Cannon, Stalker x3  
  147  9:15  Sentry  
  147  9:16  Sentry  
  157  9:20  Stalker  
  159  9:31  Stalker x4  
  167  9:40  Stalker x3  
  167  9:45  Stalker  
  175  9:49  Stalker x2  
  179  10:03  Stalker x5  
  189  10:09  Stalker x3  
  125  10:25  Stalker x2  
  125  10:27  Stalker x5  
  135  10:33  Stalker x2  
  139  10:39  Stalker  
  87  10:54  Stalker x6  
  89  11:00  Stalker x2  
  91  11:04  Stalker  
  91  11:06  Stalker  
  95  11:17  Disruptor (Chrono Boost)  
  98  11:18  Assimilator  
  98  11:19  Probe x4 (Chrono Boost), Assimilator  
  98  11:20  Pylon  
  105  11:27  Disruptor (Chrono Boost)  
  105  11:29  Stalker  
  105  11:30  Probe x4 (Chrono Boost)  
  111  11:34  Stalker  
  111  11:35  Probe (Chrono Boost), Stalker  
  116  11:42  Stalker x3  
  116  11:43  Zealot x2  
  120  11:50  Stalker  
  120  11:51  Stalker  
Tags
 
Add a new tag
Caveats
  • Supply blocks, unpowered buildings, or Contaminate may cause inaccurate times.
  • Supply counts are checked every 10 seconds.